 Dungeon Crawl Stone Soup version 0.28-a0-413-gde365fb1df (webtiles) character file.

Game seed: 18083588083053694709

4084 Rennog the Slicer (level 10, -1/71 HPs)
             Began as a Human Gladiator on Sept 7, 2021.
             Was a High Priest of Hepliaklqana.
             Succumbed to a water moccasin's poison
             ... on level 10 of the Dungeon on Sept 8, 2021.
             The game lasted 00:24:18 (9958 turns).

Rennog the Slicer (Human Gladiator)                 Turns: 9958, Time: 00:24:19

Health: -1/71      AC: 10    Str: 18    XL:     10   Next: 50%
Magic:  10/10      EV: 10    Int:  8    God:    Hepliaklqana [*****.]
Gold:   421        SH:  0    Dex: 21    Spells: 9/9 levels left

rFire   + . .      SeeInvis .   a - +0 rapier
rCold   . . .      Faith    .   (no shield)
rNeg    . . .      Spirit   .   u - +0 chain mail
rPois   .          Reflect  .   c - +0 helmet
rElec   .          Harm     .   (no cloak)
rCorr   .          Rampage  .   (no gloves)
Will    .....                   (no boots)
Stlth   ..........              (no amulet)
HPRegen 0.21/turn               p - +6 ring of dexterity
MPRegen 0.12/turn               v - ring of protection from fire

@: lethally poisoned (-1 -> -8), about to teleport, attractive
A: reduced essence
a: Renounce Religion, Recall Ancestor, Ancestor Identity, Transference, Idealise


You were on level 10 of the Dungeon.
You worshipped Hepliaklqana.
Hepliaklqana was extremely pleased with you.
You visited 1 branch of the dungeon, and saw 10 of its levels.

You collected 421 gold pieces.

Inventory:

Hand Weapons
 a - a +0 rapier (weapon)
Missiles
 d - 3 throwing nets (quivered)
Armour
 b - a +0 leather armour
 c - a +0 helmet (worn)
 e - a +0 scale mail
 u - a +0 chain mail (worn)
Jewellery
 p - a +6 ring of dexterity (left hand)
 v - a ring of protection from fire (right hand)
 w - a +6 ring of intelligence
 z - a ring of fire
Wands
 n - a wand of iceblast (4)
Scrolls
 h - 3 scrolls of identify {unknown}
 k - a scroll of teleportation
 m - a scroll of torment {unknown}
 q - 2 scrolls of amnesia {unknown}
 s - 2 scrolls of fog
 t - 2 scrolls of enchant armour {unknown}
 x - 2 scrolls of fear {unknown}
 y - a scroll of enchant weapon {unknown}
 B - 2 scrolls of noise {unknown}
Potions
 f - 2 potions of haste {unknown}
 g - a potion of magic {unknown}
 i - 2 potions of degeneration {unknown}
 j - a potion of heal wounds {unknown}
 l - 2 potions of attraction
 r - 2 potions of brilliance {unknown}
 A - a potion of invisibility {unknown}
 C - a potion of mutation {unknown}
 D - a potion of might {unknown}


   Skills:
 + Level 7.5 Fighting
 * Level 10.6 Short Blades
 - Level 2.0 Throwing
 - Level 4.7 Armour
 - Level 5.7 Dodging
 + Level 1.3 Stealth
 + Level 1.2 Invocations


You had 9 spell levels left.
You didn't know any spells.
Your spell library contained the following spells:

 Spells                   Type           Power      Damage    Failure   Level
 Ensorcelled Hibernation  Hex/Ice        0%         N/A       100%        2
 Ignite Poison            Fire/Tmut/Pois 0%         N/A       100%        3
 Mephitic Cloud           Conj/Pois/Air  0%         N/A       100%        3
 Spider Form              Tmut/Pois      0%         N/A       100%        3
 Freezing Cloud           Conj/Ice/Air   0%         6-21      100%        5


Dungeon Overview and Level Annotations

Branches:
Dungeon (10/15)
 Temple: D:4-7         Lair: D:8-11         Orc: D:9-12

Altars:
Dithmenos
Hepliaklqana

Shops:
D:1 (   D:8 (   D:9 *

Annotations:
D:5 Grinder


Message History

The vampire gestures at you while chanting.
You are confused.
Something hits Kenrick.
Something kicks Kenrick.
You hit the vampire.
The vampire is moderately damaged.
The vampire hits you but does no damage.
The vampire bites you!
The vampire draws strength from your injuries!
The orc hits Kenrick with a +0 flail!
You feel less confused.
Something barely misses Kenrick.
Something kicks Kenrick.
Kenrick hits the yak with a +0 dagger of draining.
Kenrick drains the yak.
Something hits Kenrick.
Something closely misses Kenrick.
The vampire closely misses you. The vampire bites you.
The vampire draws strength from your injuries!
Kenrick gestures at the vampire while chanting.
The yak appears confused.
The vampire barely misses you. The vampire bites you!
* * * LOW HITPOINT WARNING * * *
The vampire draws strength from your injuries!
As you read the scroll of teleportation, it crumbles to dust.
You feel strangely unstable. The water moccasin misses you.
Something barely misses Kenrick.
The water moccasin bites you.
* * * LOW HITPOINT WARNING * * *
You are poisoned.
The water moccasin poisons you!
The vampire hits you but does no damage.
The vampire bites you!
* * * LOW HITPOINT WARNING * * *
The vampire draws strength from your injuries!
* * * LOW HITPOINT WARNING * * *
You feel very sick.
The yak gores Kenrick!
Kenrick is destroyed!
* * * LOW HITPOINT WARNING * * *
You feel sick. The water moccasin bites you!
* * * LOW HITPOINT WARNING * * *
It was a potion of attraction.
You feel attractive to monsters.
You die...

... #..#
#...######..####..
#.......<.........
####.................
....................
.....###...........
....# #....###.[.. #...#
#....###.... #@..#
#........... #SY.#
#........... #YV.#
#........... #...#
#..†........ #...#
#Z...####### ######...#
#Y.R.######
.........Y###...........
.........Yo..o.........#
.......................#


You could see 4 yaks, a vampire, a water moccasin and an orc.

Vanquished Creatures
  Sigmund (D:3)
  Eustachio (D:6)
  A yak (D:10)
  2 steam dragons (D:9)
  Menkaure (D:5)
  2 water moccasins
  A sky beast (D:6)
  An ice beast (D:4)
  An ogre (D:4)
  A necrophage (D:7)
  2 centaurs (D:9)
  2 phantoms (D:7)
  A kobold brigand (D:9)
  4 bullfrogs
  A gnoll sergeant (D:7)
  A wyvern zombie (D:6)
  2 water moccasin skeletons (D:6)
  6 wights
  5 howler monkeys
  A centaur zombie (D:6)
  A centaur skeleton (D:6)
  2 gnoll shamans
  2 hounds
  An orc priest (D:7)
  A hexer (D:10)
  3 iguanas
  2 orc wizards
  9 gnolls
  7 adders
  A shadow imp (D:6)
  An adder skeleton (D:4)
  A worm (D:2)
  2 dart slugs
  8 orcs
  6 ball pythons
  5 bats
  8 endoplasms
  2 giant cockroaches (D:4)
  4 hobgoblins
  7 jackals
  4 quokkas
  7 goblins
  7 kobolds
  7 rats
135 creatures vanquished.

Vanquished Creatures (collateral kills)
  Prince Ribbit (D:5)
  A water moccasin (D:8)
  A necrophage (D:6)
  2 sky beasts (D:6)
  A howler monkey (D:7)
  A bullfrog skeleton (D:5)
  A centaur skeleton (D:5)
  A centaur zombie (D:7)
  2 jellies
  An iguana (D:7)
  An adder (D:5)
  3 gnolls (D:7)
  An ufetubus (D:5)
  4 orcs
  2 endoplasms
  A goblin (D:2)
  2 hobgoblins (D:2)
  2 kobolds
  A bat (D:2)
  A frilled lizard (D:2)
30 creatures vanquished.

Vanquished Creatures (others)
  7 hexers
  21 fungi (D:10)
  20 plants
48 creatures vanquished.

Grand Total: 213 creatures vanquished

Notes
Turn   | Place    | Note
-------+----------+-------------------------------------------
     0 | D:1      | Rennog the Human Gladiator began the quest for the Orb.
     0 | D:1      | Reached XP level 1. HP: 16/16 MP: 1/1
   116 | D:1      | Reached XP level 2. HP: 15/22 MP: 2/2
   433 | D:1      | Found a faded altar of an unknown god.
   601 | D:1      | Became a worshipper of Hepliaklqana the Forgotten
   601 | D:1      | Reached * piety under Hepliaklqana
   693 | D:1      | Reached XP level 3. HP: 24/24 MP: 3/3
   697 | D:1      | Found Malann's Weapon Boutique.
  1134 | D:2      | Reached skill level 4 in Short Blades
  1134 | D:2      | Reached XP level 4. HP: 18/30 MP: 4/4
  1796 | D:3      | Reached ** piety under Hepliaklqana
  1797 | D:3      | Remembered your ancestor Kenrick as a hexer
  1950 | D:3      | Reached XP level 5. HP: 33/36 MP: 5/5
  2052 | D:3      | Noticed Sigmund
  2719 | D:4      | Noticed an ogre
  2722 | D:4      | Killed an ogre
  2723 | D:4      | Reached skill level 5 in Short Blades
  2723 | D:4      | Reached XP level 6. HP: 41/42 MP: 6/6
  3254 | D:5      | Entered Level 5 of the Dungeon
  3254 | D:5      | Reached *** piety under Hepliaklqana
  3517 | D:5      | Noticed Prince Ribbit
  3753 | D:5      | Noticed Menkaure
  3810 | D:5      | Noticed an ice beast
  4067 | D:4      | Killed an ice beast
  4068 | D:4      | Reached XP level 7. HP: 33/48 MP: 7/7
  4144 | D:5      | Killed Menkaure
  4145 | D:5      | Reached skill level 6 in Short Blades
  4226 | D:5      | Killed Prince Ribbit
  4227 | D:5      | Reached skill level 5 in Dodging
  4227 | D:5      | Reached XP level 8. HP: 34/54 MP: 8/8
  4367 | D:5      | Noticed Grinder
  4528 | D:3      | Killed Sigmund
  4529 | D:3      | Reached skill level 7 in Short Blades
  4961 | D:6      | Reached skill level 5 in Fighting
  5516 | D:6      | Reached **** piety under Hepliaklqana
  5539 | D:6      | Noticed Eustachio
  5550 | D:6      | Killed Eustachio
  5551 | D:6      | Reached skill level 8 in Short Blades
  5551 | D:6      | Reached skill level 1 in Armour
  5551 | D:6      | Reached XP level 9. HP: 58/61 MP: 9/9
  6132 | D:6      | Reached skill level 9 in Short Blades
  6224 | D:6      | Identified the +1 robe of the New World {rCorr SInv}
  7380 | D:7      | Reached XP level 10. HP: 69/69 MP: 10/10
  8093 | D:8      | Reached skill level 10 in Short Blades
  8136 | D:8      | Reached ***** piety under Hepliaklqana
  8379 | D:8      | Noticed a two-headed ogre
  8538 | D:8      | Found Poodyew's Weapon Shop.
  8612 | D:8      | Found a shadowy altar of Dithmenos.
  9602 | D:9      | Found Banani's General Store.
  9632 | D:9      | Noticed an eight-headed hydra
  9640 | D:9      | Reached skill level 1 in Stealth
  9887 | D:10     | Entered Level 10 of the Dungeon
  9943 | D:10     | Reached skill level 1 in Invocations
  9957 | D:10     | HP: 1/71 [water moccasin (8)]
  9958 | D:10     | Succumbed to a water moccasin's poison

Illustrated notes

Levels and vault maps discovered:
D:1:      lemuel_arrival_river_ford, layout_loops_ring, basic_ecumenical_altar,
          serial_shops, shop, minmay_misc_feat_cross
D:2:      minmay_alternating_diamond, layout_basic
D:3:      layout_basic, kennysheep_crisscross, serial_park_tiny_1,
          serial_bayou_pond_a, uniq_sigmund
D:4:      layout_basic
D:5:      layout_cave_pools, minmay_temple_entry_junction, uniq_prince_ribbit1,
          uniq_ijyb, uniq_grinder, uniq_menkaure, uniq_crazy_yiuf_cottage
D:6:      minmay_bubble_buster, layout_basic, uniq_eustachio
D:7:      layout_basic, minivault_27
D:8:      layout_loops_ring, nicolae_dithmenos_shadow_blocks, serial_shops,
          shop, minmay_misc_feat_tower, columned_hall_lemuel
D:9:      layout_loops_ring, serial_shops, shop
D:10:     layout_small_grid, due_lair_maze_entry_diamond,
          kennysheep_generic_room_5

Skill      XL: |  1  2  3  4  5  6  7  8  9 10 |
---------------+-------------------------------+-----
Short Blades   | 4 5 6 8 9 10 | 10.6
Fighting       | 3 4 5 6 7 |  7.5
Dodging        | 4 5 |  5.7
Armour         | 1 3 4 |  4.7
Stealth        | 1 |  1.3
Invocations    | 1 |  1.2
Throwing       | |  2.0

Action                   |  1- 3 |  4- 6 |  7- 9 | 10-12 || total
-------------------------+-------+-------+-------+-------++-------
Melee: Rapier            |    72 |   164 |   256 |   161 ||   653
Invok: Ancestor Life: He |       |     1 |       |       ||     1
       Recall Ancestor   |       |     1 |       |       ||     1
       Ancestor Identity |       |     1 |       |       ||     1
Evoke: Wand              |       |     2 |     6 |     5 ||    13
  Use: Scroll            |       |       |       |     3 ||     3
       Potion            |       |       |       |     3 ||     3
 Stab: Sleeping          |     2 |       |       |       ||     2
       Confused          |       |     2 |     6 |     6 ||    14
       Distracted        |       |     2 |     5 |       ||     7
Armor: Leather armour    |    14 |       |       |       ||    14
       Scale mail        |    16 |    62 |    19 |       ||    97
       Chain mail        |       |       |    78 |    79 ||   157
Dodge: Dodged            |    35 |    78 |   119 |    78 ||   310

Table legend: (Time is in decaauts)
 A = Elapsed time spent in this place.
 B = Non-inter-level travel time spent in this place.
 C = Inter-level travel time spent in this place.
 D = Time resting spent in this place.
 E = Time spent auto-exploring this place.
 F = Levels seen in this place.
 G = Mean time per level.
                   A        B        C        D        E       F      G
               +--------+--------+--------+--------+--------+-----+--------+
         Total |   9864 |   9348 |    516 |    787 |   7031 |  10 |  986.4 |
       Dungeon |   9864 |   9348 |    516 |    787 |   7031 |  10 |  986.4 |
               +--------+--------+--------+--------+--------+-----+--------+

Top non-repeatable levels by time:
     D:6: 1729 daAuts
     D:3: 1536 daAuts
     D:7: 1524 daAuts
     D:4: 1219 daAuts
     D:9: 1043 daAuts
     D:1: 1014 daAuts
     D:2: 757 daAuts
     D:8: 553 daAuts
     D:5: 417 daAuts
    D:10: 69 daAuts
